[Event "Team 45 45 League T95"]
[Site "Internet Chess Club"]
[Date "2023.03.10"]
[Round "8"]
[White "primerpaso"]
[Black "bobhill"]
[Result "1-0"]
[WhiteElo "1816"]
[BlackElo "1790"]
[Opening "English: symmetrical variation"]
[ECO "A38"]
[Time "13:05:26"]
[PlyCount "125"]
[TimeControl "2700+45"]

1. c4 c5 2. Nc3 Nc6 3. g3 g6 4. Bg2 Nf6 5. Nf3 Bg7 6. d4 cxd4 7. Nxd4 O-O 8. O-O
Nxd4 9. Qxd4 d6 10. Qh4 Rb8 11. Rd1 Be6 12. c5 Qc7 13. cxd6 exd6 14. Bg5 Ng4 15.
Be7 Rfe8 16. Bxd6 Qb6 17. Ne4 Rbc8 18. h3 Nh6 19. Nf6+ Bxf6 20. Qxf6 Bc4 21. Qf4
Nf5 22. Be5 Bxe2 23. Rd2 Bb5 24. g4 Ng7 25. Rd6 Qc5 26. Bd5 Rxe5 27. Qxe5 Ne8
28. Rd8 Rc7 29. Rxe8+ Bxe8 30. Qxe8+ Kg7 31. Qe4 Re7 32. Qf3 Qb6 33. b3 f6 34.
Rc1 Qb4 35. Qc3 Qf4 36. Kg2 h5 37. Bf3 h4 38. Rd1 b6 39. Rd4 Qe5 40. Rc4 Qd6 41.
g5 Rf7 42. gxf6+ Rxf6 43. Rc6 Qf4 44. Qxf6+ Qxf6 45. Rxf6 Kxf6 46. Be4 g5 47.
Kf3 Ke5 48. Ke3 a6 49. a3 a5 50. a4 Kd6 51. Kd4 Ke6 52. Kc4 Ke5 53. Bf3 Kd6 54.
Kb5 Kc7 55. Be4 Kd6 56. Kxb6 Ke5 57. Bf3 Kd4 58. Kxa5 Kc3 59. Kb6 Kd2 60. a5 Ke1
61. a6 Kxf2 62. Bg4 Ke3 63. a7 {Black resigns} 1-0

[Event "Team 45 45 League T95"]
[Site "Internet Chess Club"]
[Date "2023.03.11"]
[Round "8"]
[White "Beetlejuice"]
[Black "Portola"]
[Result "1/2-1/2"]
[WhiteElo "1726"]
[BlackElo "1775"]
[Opening "French defense, Steiner variation"]
[ECO "A13"]
[Time "15:00:33"]
[PlyCount "87"]
[TimeControl "2700+45"]

1. c4 e6 2. e4 d5 3. cxd5 exd5 4. exd5 Qxd5 5. Nc3 Qe5+ 6. Be2 c6 7. Nf3 Qc7 8.
d4 Nf6 9. O-O Be7 10. Bg5 Be6 11. Rc1 Qa5 12. h3 O-O 13. Bd3 Re8 14. Qd2 Nbd7
15. Rfd1 Rad8 16. Qf4 Nf8 17. Bb1 Ng6 18. Qd2 c5 19. Be3 cxd4 20. Bxd4 Qh5 21.
Qe3 Nd5 22. Nxd5 Bxd5 23. Bxa7 Bf6 24. Bxg6 hxg6 25. Qf4 Bxb2 26. Rc5 g5 27.
Qxg5 Qxg5 28. Nxg5 Bxa2 29. Rxd8 Rxd8 30. Rb5 Bf6 31. Ne4 Bd4 32. Bxd4 Rxd4 33.
Nc5 Rd1+ 34. Kh2 Rd2 35. Kg3 Rd5 36. Ra5 b6 37. Rxa2 Rxc5 38. Ra7 g6 39. Rb7 b5
40. Kg4 Kg7 41. Rb6 Kh6 42. f4 f5+ 43. Kf3 Rc3+ 44. Kf2 {Game drawn by mutual
agreement} 1/2-1/2

[Event "Team 45 45 League T95"]
[Site "Internet Chess Club"]
[Date "2023.03.12"]
[Round "8"]
[White "QuieroAprender"]
[Black "discipulo"]
[Result "1/2-1/2"]
[WhiteElo "1626"]
[BlackElo "1699"]
[Opening "Queen's bishop game"]
[ECO "A45"]
[Time "10:49:29"]
[PlyCount "200"]
[TimeControl "2700+45"]

1. d4 Nf6 2. Bf4 d5 3. Nf3 c5 4. e3 Nc6 5. c3 Qb6 6. Qc2 cxd4 7. exd4 Bf5 8. Qb3
Qxb3 9. axb3 Ne4 10. Nbd2 e6 11. Nxe4 Bxe4 12. Ne5 Nxe5 13. Bxe5 f6 14. Bg3 Be7
15. Bb5+ Kf7 16. f3 Bc2 17. b4 h5 18. Kd2 Bf5 19. Bd3 Bxd3 20. Kxd3 h4 21. Bf2
Bd6 22. h3 g5 23. Rhe1 Rhe8 24. b5 a6 25. bxa6 bxa6 26. Ra5 Reb8 27. b4 Bc7 28.
Rc5 Bd8 29. Rc6 a5 30. bxa5 Rxa5 31. Rexe6 Ra2 32. Re2 Rbb2 33. Rxb2 Rxb2 34.
Ke3 Rc2 35. g3 hxg3 36. Bxg3 Ba5 37. Be1 Rh2 38. Rc5 Bb6 39. Rxd5 Rxh3 40. c4 g4
41. c5 Rxf3+ 42. Ke2 Rb3 43. cxb6 Rxb6 44. Bg3 Ke6 45. Rd8 Rb5 46. Ke3 Rb3+ 47.
Kf4 f5 48. Re8+ Kd5 49. Re3 Rb4 50. Kxf5 Rxd4 51. Re8 Ra4 52. Rd8+ Kc6 53. Bf4
Ra1 54. Kxg4 Rg1+ 55. Kf5 Rf1 56. Ke4 Re1+ 57. Be3 Kc7 58. Rd3 Rh1 59. Rd4 Rh4+
60. Bf4+ Kc6 61. Ke5 Rh5+ 62. Ke6 Rh4 63. Rc4+ Kb5 64. Re4 Kc6 65. Rd4 Kc5 66.
Re4 Kc6 67. Kf5 Rh5+ 68. Ke6 Rh4 69. Kf6 Kd5 70. Re5+ Kc4 71. Be3 Kd3 72. Kf5
Rh5+ 73. Bg5 Kd4 74. Re2 Kd3 75. Rd2+ Kc3 76. Rd5 Kc4 77. Ke4 Rh1 78. Rd7 Re1+
79. Be3 Rh1 80. Rc7+ Kb5 81. Bd4 Rh4+ 82. Kd5 Rh5+ 83. Be5 Rh1 84. Rb7+ Ka6 85.
Rb8 Rh5 86. Kc6 Ka5 87. Bd6 Ka4 88. Rb4+ Ka5 89. Re4 Rf5 90. Bb4+ Ka4 91. Bc5+
Kb3 92. Re3+ Kc4 93. Bd6 Kd4 94. Ra3 Ke4 95. Ra4+ Kd3 96. Bc5 Rf6+ 97. Kb5 Rf5
98. Rd4+ Ke3 99. Kc4 Rf4 100. Rxf4+ Kxf4 {Game drawn because neither player has
mating material} 1/2-1/2

[Event "Team 45 45 League T95"]
[Site "Internet Chess Club"]
[Date "2023.03.12"]
[Round "8"]
[White "ivanson"]
[Black "Gilguli"]
[Result "1-0"]
[WhiteElo "1577"]
[BlackElo "1421"]
[Opening "Ruy Lopez: old Steinitz defense"]
[ECO "C62"]
[Time "16:02:13"]
[PlyCount "93"]
[TimeControl "2700+45"]

1. e4 e5 2. Nf3 Nc6 3. Bb5 d6 4. d4 exd4 5. Nxd4 Ne7 6. O-O g6 7. Nxc6 Nxc6 8.
Qd4 f6 9. Nc3 Bd7 10. Bxc6 Bxc6 11. Bf4 Qd7 12. Rfe1 Bg7 13. Qd2 O-O-O 14. Nd5
g5 15. Bg3 h5 16. f3 h4 17. Bf2 f5 18. c4 Bxd5 19. exd5 f4 20. Bd4 g4 21. Bxg7
Qxg7 22. Qxf4 Rdf8 23. Qxg4+ Qxg4 24. fxg4 Rf4 25. Re7 Rxg4 26. b3 Rhg8 27. Re2
R4g5 28. Rf1 Re5 29. Rxe5 dxe5 30. Re1 Rg5 31. Re4 Rh5 32. g3 hxg3 33. hxg3 Rg5
34. Kg2 Kd7 35. Kh3 Kd6 36. g4 Rg8 37. Kg3 Rh8 38. Re2 Rh1 39. g5 Rg1+ 40. Rg2
Rxg2+ 41. Kxg2 Ke7 42. Kg3 Kf7 43. Kg4 Kg6 44. c5 e4 45. d6 cxd6 46. cxd6 e3 47.
Kf3 {Black resigns} 1-0

[Event "Team 45 45 League T95"]
[Site "Internet Chess Club"]
[Date "2023.03.09"]
[Round "8"]
[White "hipopotamos"]
[Black "cyborg86"]
[Result "0-1"]
[WhiteElo "1770"]
[BlackElo "2274"]
[Opening "Robatsch (modern) defense"]
[ECO "B06"]
[Time "23:36:41"]
[PlyCount "160"]
[TimeControl "2700+45"]

1. e4 g6 2. d4 Bg7 3. Nf3 d6 4. Bc4 Nf6 5. Nc3 O-O 6. O-O Nxe4 7. Nxe4 d5 8. Bd3
dxe4 9. Bxe4 Nd7 10. c3 c5 11. Be3 Qc7 12. Rc1 Nf6 13. Bd3 cxd4 14. Bxd4 b6 15.
Be5 Qc6 16. h3 Bb7 17. Qe2 Rad8 18. Bb5 Qc8 19. Rfd1 Qc5 20. b4 Bxf3 21. bxc5
Bxe2 22. Bxe2 bxc5 23. Bc7 Rc8 24. Ba5 Rb8 25. c4 Rb2 26. Rd2 Rfb8 27. Rcd1 Rxd2
28. Rxd2 Ne4 29. Rd8+ Rxd8 30. Bxd8 Nc3 31. Kf1 Kf8 32. a3 Ke8 33. Bc7 Kd7 34.
Bb8 Nxe2 35. Kxe2 a6 36. Bf4 Kc6 37. Kd3 Bb2 38. a4 Kb6 39. Kc2 Bd4 40. f3 f6
41. Bd2 Kc6 42. Kd3 Kd6 43. g4 Ke5 44. f4+ Ke6 45. Ke4 f5+ 46. Kf3 Kf6 47. Ba5
fxg4+ 48. hxg4 e5 49. Bd8+ Ke6 50. Ke4 exf4 51. Kxf4 h6 52. Ba5 Kf6 53. Bd8+ Kf7
54. Ba5 Ke6 55. Be1 Be5+ 56. Ke4 h5 57. g5 Bd4 58. Bg3 Bc3 59. Bf2 Bb4 60. Bg3
Bd2 61. Bh4 Bc1 62. Bf2 Kd6 63. Bh4 Bd2 64. Kd3 Bf4 65. Ke4 Bc1 66. Bg3+ Ke6 67.
Bh4 Bd2 68. Bf2 Bxg5 69. Bxc5 Bd8 70. Bf2 Bc7 71. Bh4 Bd6 72. Bg5 Be7 73. Be3 h4
74. c5 g5 75. Bg1 h3 76. Kf3 Kd5 77. Kg4 Bxc5 78. Bh2 Bd6 79. Kxh3 Bxh2 80. Kxh2
Kc4 {White resigns} 0-1

[Event "Team 45 45 League T95"]
[Site "Internet Chess Club"]
[Date "2023.03.10"]
[Round "8"]
[White "julesraider"]
[Black "KidRattler"]
[Result "1-0"]
[WhiteElo "1618"]
[BlackElo "1693"]
[Opening "Queen's Indian: anti-Queen's Indian system"]
[ECO "E12"]
[Time "14:02:50"]
[PlyCount "60"]
[TimeControl "2700+45"]

1. d4 Nf6 2. c4 e6 3. Nf3 b6 4. Nc3 Bb7 5. g3 Be7 6. Bg2 d5 7. cxd5 exd5 8. O-O
Nbd7 9. a3 O-O 10. b4 c5 11. bxc5 bxc5 12. Rb1 Bc6 13. Ne5 Nxe5 14. dxe5 Ne4 15.
Nxe4 dxe4 16. Qc2 Qd5 17. Qc3 Rfd8 18. Be3 Rac8 19. Bh3 Rc7 20. Rfd1 Qxd1+ 21.
Rxd1 Rxd1+ 22. Kg2 Bd7 23. Bxd7 Rdxd7 24. e6 fxe6 25. Qe5 Kf7 26. Qxe4 Rd5 27.
Qf4+ Kg6 28. Qxc7 Bd6 29. Qxa7 Kh5 30. Qf7+ g6 {Black resigns} 1-0

[Event "Team 45 45 League T95"]
[Site "Internet Chess Club"]
[Date "2023.03.10"]
[Round "8"]
[White "qs16"]
[Black "jfkingiii"]
[Result "1/2-1/2"]
[WhiteElo "1588"]
[BlackElo "1478"]
[Opening "Queen's pawn: stonewall attack"]
[ECO "D00"]
[Time "14:00:29"]
[PlyCount "147"]
[TimeControl "2700+45"]

1. d4 d5 2. e3 Nf6 3. Bd3 e5 4. dxe5 Ne4 5. Bxe4 dxe4 6. Qxd8+ Kxd8 7. Nc3 Bf5
8. Nge2 Nc6 9. Ng3 Bg6 10. Ngxe4 Nxe5 11. O-O Bb4 12. Bd2 Bxe4 13. Nxe4 Bxd2 14.
Nxd2 Ke7 15. b3 Rad8 16. Rad1 Rd7 17. Ne4 Rhd8 18. Rxd7+ Rxd7 19. h3 f5 20. Ng3
g6 21. f3 Rd2 22. Rf2 Rd1+ 23. Rf1 Rd2 24. Rf2 Rxf2 25. Kxf2 b5 26. a3 Kd6 27.
Ke2 a5 28. Kd2 c5 29. Ne2 b4 30. axb4 axb4 31. Nc1 Kd5 32. Nd3 Nc6 33. Nf4+ Ke5
34. Kd3 g5 35. Ne2 Na5 36. Ng3 f4 37. Nf1 fxe3 38. Nxe3 Kf4 39. Nf1 Ke5 40. g3
h5 41. Ne3 Nb7 42. Kc4 h4 43. gxh4 gxh4 44. Nd5 Kd6 45. Nxb4 cxb4 46. Kxb4 Nd8
47. c4 Kc6 48. Kc3 Ne6 49. Kd3 Nf4+ 50. Ke3 Nxh3 51. f4 Ng1 52. Kf2 Nh3+ 53. Kf3
Kd6 54. b4 Kc6 55. Kg4 Nf2+ 56. Kxh4 Nd3 57. b5+ Kc5 58. Kg5 Kxc4 59. b6 Nc5 60.
f5 Kb5 61. Kf6 Kxb6 62. Ke7 Ne4 63. Ke6 Kc7 64. Ke5 Ng5 65. Kf6 Ne4+ 66. Ke5 Kd7
67. Kxe4 Ke8 68. Kf4 Kf7 69. Kg5 Kg7 70. f6+ Kf7 71. Kf5 Kf8 72. Ke6 Ke8 73. f7+
Kf8 74. Kf6 {Black stalemated} 1/2-1/2

[Event "Team 45 45 League T95"]
[Site "Internet Chess Club"]
[Date "2023.03.11"]
[Round "8"]
[White "jjmolina1"]
[Black "Lawkeito"]
[Result "0-1"]
[WhiteElo "1538"]
[BlackElo "1703"]
[Opening "Sicilian: Richter-Rauzer, Richter attack"]
[ECO "B62"]
[Time "09:03:21"]
[PlyCount "76"]
[TimeControl "2700+45"]

1. e4 c5 2. Nf3 d6 3. d4 cxd4 4. Nxd4 Nf6 5. Nc3 Nc6 6. Bg5 e6 7. Nxc6 bxc6 8.
e5 dxe5 9. Qxd8+ Kxd8 10. Ne4 Be7 11. O-O-O+ Kc7 12. Nxf6 Bxf6 13. Be3 Be7 14.
f3 Bb7 15. Bc4 c5 16. a4 Bc6 17. b3 Rad8 18. Rxd8 Rxd8 19. Rd1 Rxd1+ 20. Kxd1 e4
21. fxe4 Bxe4 22. Bf1 e5 23. c3 f5 24. g3 g5 25. Kd2 f4 26. Bf2 Bd5 27. c4 Bc6
28. Bh3 e4 29. Be1 Bf6 30. Bf5 h6 31. Ke2 Kd6 32. b4 f3+ 33. Kf1 cxb4 34. Bxb4+
Ke5 35. Bg4 Kd4 36. Be6 e3 37. Bf8 Kd3 38. Bxh6 e2+ {White forfeits on time} 0-1

[Event "Team 45 45 League T95"]
[Site "Internet Chess Club"]
[Date "2023.03.14"]
[Round "8"]
[White "martineden"]
[Black "BuddyT"]
[Result "1-0"]
[WhiteElo "1821"]
[BlackElo "1729"]
[Opening "Queen's pawn game"]
[ECO "A46"]
[Time "11:01:50"]
[PlyCount "43"]
[TimeControl "2700+45"]

1. d4 Nf6 2. Nf3 e6 3. Bf4 c5 4. e3 cxd4 5. exd4 Nc6 6. c3 Be7 7. Bd3 O-O 8. O-O
d6 9. h3 Bd7 10. Nbd2 Rc8 11. Bg3 Nh5 12. Bh2 f5 13. Nc4 Be8 14. Re1 Bf7 15. Qe2
b5 16. Ncd2 b4 17. Rac1 bxc3 18. Rxc3 Nb4 19. Bxf5 Nxa2 20. Rxc8 Qxc8 21. Bxe6
Nc1 22. Bxc8 {Black resigns} 1-0

[Event "Team 45 45 League T95"]
[Site "Internet Chess Club"]
[Date "2023.03.11"]
[Round "8"]
[White "LookImYourVader"]
[Black "primerpaso"]
[Result "1-0"]
[WhiteElo "1770"]
[BlackElo "1797"]
[Opening "Sicilian: Alapin's variation (2.c3)"]
[ECO "B22"]
[Time "14:00:41"]
[PlyCount "81"]
[TimeControl "2700+45"]

1. e4 c5 2. c3 d5 3. exd5 Qxd5 4. d4 Nf6 5. Nf3 Bg4 6. Be2 e6 7. h3 Bh5 8. Be3
cxd4 9. cxd4 Be7 10. Nc3 Qd6 11. Qb3 Nc6 12. Ne5 Bxe2 13. Qxb7 Rb8 14. Qxc6+
Qxc6 15. Nxc6 Rxb2 16. Nxe2 Nd5 17. Nxe7 Kxe7 18. Bc1 Rc2 19. Ba3+ Kf6 20. Ng3
Rhc8 21. Bc5 a5 22. O-O Rb8 23. a3 Rcb2 24. Rfc1 R8b3 25. Rc4 Nf4 26. Rc3 Rb5
27. Rf3 g5 28. Nh5+ Kf5 29. Nxf4 gxf4 30. g3 e5 31. gxf4 exf4 32. Bd6 R5b3 33.
Rxb3 Rxb3 34. Kg2 Rd3 35. Bc5 Kg5 36. Re1 f6 37. Re6 Kf5 38. Re8 h5 39. Rh8 Kg6
40. h4 Rb3 41. Ra8 {Black resigns} 1-0

[Event "Team 45 45 League T95"]
[Site "Internet Chess Club"]
[Date "2023.03.12"]
[Round "8"]
[White "fishhead"]
[Black "ElValero"]
[Result "0-1"]
[WhiteElo "1695"]
[BlackElo "1681"]
[Opening "French: Winawer, advance variation"]
[ECO "C16"]
[Time "12:00:18"]
[PlyCount "72"]
[TimeControl "2700+45"]

1. e4 e6 2. d4 d5 3. Nc3 Bb4 4. e5 b6 5. a3 Bf8 6. Nf3 Qd7 7. Ne2 Ba6 8. g3 c5
9. c3 Nc6 10. Bh3 Bxe2 11. Qxe2 c4 12. O-O Nge7 13. Nh4 Ng6 14. Ng2 h5 15. f4
Nce7 16. Ne3 Nf5 17. Qc2 Nge7 18. Qg2 Nxe3 19. Bxe3 g6 20. a4 Bh6 21. b3 cxb3
22. Rfb1 O-O 23. Rxb3 Nc6 24. g4 hxg4 25. Bxg4 Na5 26. Rb5 Rfc8 27. Qh3 Rxc3 28.
Qxh6 Rxe3 29. f5 exf5 30. Bxf5 Qxf5 31. Qxe3 Qg4+ 32. Kh1 Rc8 33. Rxd5 Rc2 34.
Rd8+ Kg7 35. Rg1 Qh4 36. Rd7 Qxh2# {White checkmated} 0-1

[Event "Team 45 45 League T95"]
[Site "Internet Chess Club"]
[Date "2023.03.14"]
[Round "8"]
[White "jonesey"]
[Black "fhunfi"]
[Result "1-0"]
[WhiteElo "1883"]
[BlackElo "1705"]
[Opening "French: Winawer, advance variation"]
[ECO "C18"]
[Time "12:01:03"]
[PlyCount "111"]
[TimeControl "2700+45"]

1. e4 e6 2. d4 d5 3. Nc3 Bb4 4. e5 c5 5. a3 Bxc3+ 6. bxc3 Qa5 7. Bd2 Qa4 8. Nf3
b6 9. h4 Ba6 10. h5 h6 11. Rh4 Ne7 12. dxc5 Qd7 13. cxb6 Bxf1 14. Kxf1 axb6 15.
Rg4 Kf8 16. Qb1 Qc7 17. Rb4 Nd7 18. Be3 Ra6 19. Bd4 Nc6 20. Rb5 Na5 21. Nd2 Kg8
22. Qb4 Nc6 23. Qb2 Ncxe5 24. c4 Nxc4 25. Nxc4 Qxc4+ 26. Kg1 e5 27. Bxb6 Nxb6
28. Rxb6 Rxb6 29. Qxb6 Qxc2 30. Qd8+ Kh7 31. Qxd5 f6 32. Qa2 Qxa2 33. Rxa2 Ra8
34. a4 Kg8 35. a5 Kf7 36. a6 Ra7 37. Kf1 Ke6 38. Ke2 Kd5 39. Kd3 f5 40. Ra5+ Kc6
41. Rxe5 Kb6 42. Re6+ Kc5 43. Ke3 Kd5 44. Rg6 Ke5 45. Rb6 Rc7 46. Rb5+ Kf6 47.
Ra5 Ra7 48. Kf4 g5+ 49. hxg6 Kxg6 50. Ke5 Kg5 51. Kd6 Kg4 52. Kc6 f4 53. Kb6 Rf7
54. a7 Rf6+ 55. Kc7 Rf7+ 56. Kd6 {Black resigns} 1-0

[Event "Team 45 45 League T95"]
[Site "Internet Chess Club"]
[Date "2023.03.11"]
[Round "8"]
[White "fireball"]
[Black "ghowell"]
[Result "0-1"]
[WhiteElo "1473"]
[BlackElo "1646"]
[Opening "Ruy Lopez: Berlin defense, 4.O-O, d6"]
[ECO "C66"]
[Time "10:00:30"]
[PlyCount "78"]
[TimeControl "2700+45"]

1. e4 e5 2. Nf3 Nc6 3. Bb5 Nf6 4. O-O d6 5. Re1 Bd7 6. d4 a6 7. dxe5 axb5 8.
exf6 Qxf6 9. Nc3 Ne5 10. Nxe5 dxe5 11. Nd5 Qd6 12. Qf3 f6 13. Rd1 O-O-O 14. Be3
Kb8 15. c3 Qe6 16. h3 Bd6 17. Qe2 f5 18. c4 f4 19. c5 fxe3 20. cxd6 exf2+ 21.
Qxf2 Qxd6 22. a4 bxa4 23. Nc3 Qg6 24. Nxa4 Bxa4 25. Rxd8+ Rxd8 26. Rxa4 Rd1+ 27.
Kh2 Qf6 28. Qxf6 gxf6 29. Kg3 Rd4 30. Rxd4 exd4 31. b4 b5 32. Kf3 c5 33. bxc5
Kc7 34. Ke2 Kc6 35. Kd3 Kxc5 36. g4 b4 37. g5 fxg5 38. e5 b3 39. e6 Kd6 {White
resigns} 0-1

[Event "Team 45 45 League T95"]
[Site "Internet Chess Club"]
[Date "2023.03.13"]
[Round "8"]
[White "keithuws1"]
[Black "vollmerj"]
[Result "1/2-1/2"]
[WhiteElo "1340"]
[BlackElo "1511"]
[Opening "Sicilian: accelerated fianchetto, Maróczy bind, 6.Be3"]
[ECO "B38"]
[Time "18:00:19"]
[PlyCount "54"]
[TimeControl "2700+45"]

1. e4 c5 2. Nf3 g6 3. c4 Bg7 4. d4 cxd4 5. Nxd4 Nc6 6. Be3 d6 7. Nc3 Nf6 8. Be2
O-O 9. O-O Bd7 10. f3 a6 11. Qd2 Rc8 12. Rac1 Ne5 13. Nd5 Nxd5 14. cxd5 b5 15.
Rxc8 Qxc8 16. Rc1 Qb7 17. f4 Ng4 18. Bxg4 Bxg4 19. Nc6 Re8 20. Bd4 Bxd4+ 21.
Qxd4 Bd7 22. Na5 Qb8 23. h3 Rc8 24. Nc6 Bxc6 25. dxc6 Qc7 26. f5 e5 27. fxe6
fxe6 {Game drawn by mutual agreement} 1/2-1/2

[Event "Team 45 45 League T95"]
[Site "Internet Chess Club"]
[Date "2023.03.11"]
[Round "8"]
[White "smsxman"]
[Black "natalieH"]
[Result "1-0"]
[WhiteElo "1293"]
[BlackElo "1100"]
[Opening "Ruy Lopez: exchange variation"]
[ECO "C68"]
[Time "10:00:19"]
[PlyCount "61"]
[TimeControl "2700+45"]

1. e4 e5 2. Nf3 Nc6 3. Bb5 a6 4. Bxc6 dxc6 5. Nxe5 Qd4 6. Nf3 Qxe4+ 7. Qe2 Qxe2+
8. Kxe2 Nf6 9. Re1 Be7 10. Kf1 h6 11. d3 Bg4 12. Nbd2 Bxf3 13. Nxf3 Kf8 14. c4
Rd8 15. d4 c5 16. d5 c6 17. dxc6 bxc6 18. b3 Bd6 19. Bb2 Nh7 20. Rad1 f6 21. Kg1
Ng5 22. Nh4 Kf7 23. Nf5 Bc7 24. f3 Rxd1 25. Rxd1 g6 26. Rd7+ Ke6 27. Rxc7 Kxf5
28. Rxc6 Ra8 29. Rxc5+ Ke6 30. Rc6+ Ke7 31. Rxf6 {Black resigns} 1-0

[Event "Team 45 45 League T95"]
[Site "Internet Chess Club"]
[Date "2023.03.13"]
[Round "8"]
[White "Lawkeito"]
[Black "Gojira"]
[Result "1/2-1/2"]
[WhiteElo "1699"]
[BlackElo "1618"]
[Opening "QGD Slav defense"]
[ECO "D10"]
[Time "19:00:33"]
[PlyCount "69"]
[TimeControl "2700+45"]

1. d4 d5 2. c4 c6 3. Nc3 Nf6 4. e3 a6 5. Nf3 Bg4 6. Qb3 Ra7 7. Ne5 Be6 8. Be2
Qc7 9. O-O Nbd7 10. f4 dxc4 11. Bxc4 Bxc4 12. Qxc4 e6 13. e4 Bd6 14. Nxd7 Nxd7
15. e5 Be7 16. f5 b5 17. Qb3 exf5 18. e6 fxe6 19. Qxe6 Qd6 20. Qxd6 Bxd6 21.
Rxf5 Rf8 22. Rxf8+ Nxf8 23. d5 cxd5 24. Nxd5 Rd7 25. Nc3 Bb4 26. Bf4 Ne6 27. Re1
Kf7 28. Be5 Bc5+ 29. Kf1 Bd4 30. Bxd4 Rxd4 31. Ke2 Nc5 32. Ke3 Rd3+ 33. Ke2 Rd4
34. Ke3 Rd3+ 35. Ke2 {Game drawn by mutual agreement} 1/2-1/2

[Event "Team 45 45 League T95"]
[Site "Internet Chess Club"]
[Date "2023.03.11"]
[Round "8"]
[White "BlueStorm"]
[Black "manfredo"]
[Result "0-1"]
[WhiteElo "1437"]
[BlackElo "1521"]
[Opening "Queen's pawn game"]
[ECO "A45"]
[Time "15:07:04"]
[PlyCount "56"]
[TimeControl "2700+45"]

1. d4 Nf6 2. e3 g6 3. b3 Bg7 4. Bb2 O-O 5. Nf3 d6 6. Be2 c5 7. O-O Nc6 8. Nc3
cxd4 9. exd4 Nd7 10. Rb1 e5 11. dxe5 dxe5 12. Ne4 Qc7 13. Qd6 Qb6 14. Qd2 Rd8
15. Qc1 Nc5 16. Nxc5 Qxc5 17. Rd1 Bf5 18. Ne1 Nb4 19. Ba3 Qa5 20. Rxd8+ Rxd8 21.
Bxb4 Qxb4 22. Bd3 Bxd3 23. Nxd3 Qc3 24. Qe1 Qxc2 25. Nb4 Qd2 26. Qxd2 Rxd2 27.
Rc1 Bf8 28. g3 Bxb4 {White resigns} 0-1

[Event "Team 45 45 League T95"]
[Site "Internet Chess Club"]
[Date "2023.03.12"]
[Round "8"]
[White "fvafier"]
[Black "Rookmaster"]
[Result "1-0"]
[WhiteElo "1585"]
[BlackElo "1602"]
[Opening "Queen's pawn game, Darooha variation "]
[ECO "D02"]
[Time "08:00:15"]
[PlyCount "167"]
[TimeControl "2700+45"]

1. d4 d5 2. Nf3 Nf6 3. c4 e6 4. e3 a6 5. b3 Bb4+ 6. Nbd2 O-O 7. Bb2 Nbd7 8. Bd3
b6 9. O-O Bxd2 10. Nxd2 Bb7 11. Qe2 Ne4 12. Rac1 f5 13. cxd5 exd5 14. f3 Nd6 15.
Rfe1 Nf6 16. Ba3 Re8 17. Bxd6 cxd6 18. Bxf5 b5 19. Bb1 Rc8 20. Nf1 Qd7 21. Ng3
g6 22. Qd2 Rxc1 23. Rxc1 Rc8 24. Rxc8+ Qxc8 25. Qc2 Qxc2 26. Bxc2 b4 27. Kf2 Kf7
28. h4 Ne8 29. h5 Nc7 30. hxg6+ hxg6 31. Ne2 g5 32. g4 Bc6 33. Bd3 Bb5 34. Bxb5
Nxb5 35. f4 gxf4 36. exf4 Nc7 37. Ke3 Ne8 38. Ng3 Kg6 39. Nf5 Kf6 40. Kf3 Nc7
41. Ne3 a5 42. g5+ Kf7 43. f5 Nb5 44. Nxd5 Nxd4+ 45. Ke4 Ne2 46. Kd3 Ng3 47. Ne3
Nh5 48. Nc4 Nf4+ 49. Ke3 Nd5+ 50. Kd2 Nc3 51. Nxd6+ Ke7 52. Nc4 Ne4+ 53. Ke3
Nxg5 54. Nxa5 Kf6 55. Kf4 Nf7 56. Nc6 Nd6 57. Nxb4 Nxf5 58. Nd5+ Ke6 59. Nc7+
Kf6 60. a4 Nd4 61. b4 Ke7 62. Ke4 Nc6 63. b5 Kd6 64. bxc6 Kxc6 65. Nb5 Kc5 66.
Ke5 Kb4 67. Nc3 Kc5 68. Ke6 Kc6 69. Nb5 Kb6 70. Kd6 Ka5 71. Nc3 Kb6 72. Kd5 Ka6
73. Kc6 Ka5 74. Kc5 Ka6 75. Kb4 Kb6 76. a5+ Ka6 77. Nd5 Kb7 78. Kb5 Ka7 79. Nb4
Kb7 80. Nd5 Ka7 81. a6 Kb8 82. Kb6 Ka8 83. Nc7+ Kb8 84. a7+ {Black resigns} 1-0

[Event "Team 45 45 League T95"]
[Site "Internet Chess Club"]
[Date "2023.03.13"]
[Round "8"]
[White "CMAlge"]
[Black "Denis240964"]
[Result "1-0"]
[WhiteElo "1360"]
[BlackElo "1305"]
[Opening "Evans gambit"]
[ECO "C51"]
[Time "17:30:30"]
[PlyCount "133"]
[TimeControl "2700+45"]

1. e4 e5 2. Nf3 Nc6 3. Bc4 Bc5 4. b4 Bxb4 5. c3 Bc5 6. d4 exd4 7. cxd4 Bb4+ 8.
Nbd2 d6 9. O-O Bg4 10. Qb3 Qf6 11. e5 dxe5 12. dxe5 Qf5 13. Bb2 Nh6 14. Bb5 Bxf3
15. Nxf3 Be7 16. Qa4 O-O 17. Bxc6 bxc6 18. Qxc6 Rfc8 19. Rad1 Rab8 20. Bc3 Rb6
21. Qa4 Qe6 22. Qxa7 Ra6 23. Qb7 Rb6 24. Qe4 f5 25. Qc2 Nf7 26. Nd4 Qc4 27. Nxf5
Bb4 28. Rd4 Qxc3 29. Qxc3 Bxc3 30. Rc4 Kf8 31. Rxc3 Nxe5 32. Rfc1 c6 33. Nd6 Rc7
34. Nc4 Nxc4 35. Rxc4 Ra6 36. a4 Ke7 37. Kf1 Kd8 38. Ke2 Kc8 39. f3 Kb7 40. Rb1+
Rb6 41. Rxb6+ Kxb6 42. Kd3 c5 43. Kc3 Re7 44. Re4 Rd7 45. Re6+ Ka5 46. Rc6 Rd5
47. Kc4 Rd2 48. Rxc5+ Kxa4 49. Rg5 g6 50. h4 Rd7 51. Rd5 Rc7+ 52. Rc5 Rd7 53.
Rd5 Rc7+ 54. Kd3 Kb4 55. g4 Rf7 56. f4 Rxf4 57. Rd4+ Rxd4+ 58. Kxd4 Kb5 59. Kd5
g5 60. hxg5 Kb6 61. Ke6 Kc5 62. Kf6 Kd5 63. g6 hxg6 64. Kxg6 Ke6 65. g5 Ke7 66.
Kg7 Ke6 67. g6 {Black resigns} 1-0

[Event "Team 45 45 League T95"]
[Site "Internet Chess Club"]
[Date "2023.03.10"]
[Round "8"]
[White "mongmong"]
[Black "sdcohle"]
[Result "1-0"]
[WhiteElo "1434"]
[BlackElo "1310"]
[Opening "Colle system"]
[ECO "D05"]
[Time "18:00:30"]
[PlyCount "139"]
[TimeControl "2700+45"]

1. d4 d5 2. Nf3 Nf6 3. e3 e6 4. Bd3 c5 5. c3 b6 6. Nbd2 Bb7 7. Qe2 Nbd7 8. O-O
Bd6 9. e4 dxe4 10. Nxe4 Nxe4 11. Bxe4 Bxe4 12. Qxe4 Nf6 13. Qe2 O-O 14. dxc5
Bxc5 15. Bg5 Be7 16. Rfd1 Qc7 17. c4 Rad8 18. b3 h6 19. Bh4 Rd7 20. Rxd7 Qxd7
21. Rd1 Qc7 22. Bg3 Qc8 23. h3 Rd8 24. Rxd8+ Qxd8 25. Qd2 Ne4 26. Qxd8+ Bxd8 27.
Be5 f6 28. Bb2 Bc7 29. Kf1 Kf7 30. Ke2 e5 31. Nd2 Nxd2 32. Kxd2 Ke6 33. f3 Kf5
34. Ke3 Ke6 35. g4 f5 36. Bc3 g6 37. Bd2 g5 38. Bb4 f4+ 39. Ke4 Bd6 40. Bxd6
Kxd6 41. b4 Ke6 42. a3 a6 43. c5 bxc5 44. bxc5 a5 45. a4 Kd7 46. Kxe5 Kc6 47.
Kd4 Kd7 48. Kd5 Kc7 49. c6 Kc8 50. Kc5 Kc7 51. Kb5 Kc8 52. Kxa5 Kc7 53. Kb5 Kc8
54. Kc5 Kc7 55. a5 Kc8 56. Kd6 Kd8 57. a6 Kc8 58. c7 h5 59. a7 Kb7 60. Kd7 hxg4
61. hxg4 Kxa7 62. c8=Q Kb6 63. Kd6 Kb5 64. Qc5+ Ka4 65. Qb6 Ka3 66. Kc5 Ka2 67.
Kc4 Ka1 68. Kb3 Kb1 69. Qc5 Ka1 70. Qc1# {Black checkmated} 1-0

[Event "Team 45 45 League T95"]
[Site "Internet Chess Club"]
[Date "2023.03.09"]
[Round "8"]
[White "Tjet"]
[Black "olivermx"]
[Result "1/2-1/2"]
[WhiteElo "1255"]
[BlackElo "1320"]
[Opening "Réti accepted"]
[ECO "A09"]
[Time "22:02:16"]
[PlyCount "43"]
[TimeControl "2700+45"]

1. Nf3 d5 2. c4 dxc4 3. Na3 Nc6 4. Nxc4 Nf6 5. b3 e6 6. Bb2 Bd6 7. Nxd6+ cxd6 8.
g3 e5 9. Bg2 Be6 10. O-O h6 11. d3 O-O 12. Nd2 Qd7 13. Rc1 Rac8 14. Ne4 Nxe4 15.
Bxe4 f5 16. Bg2 f4 17. d4 exd4 18. Bxd4 Nxd4 19. Qxd4 b6 20. Bd5 Kh8 21. Bxe6
Qxe6 22. Qd3 {Game drawn by mutual agreement} 1/2-1/2